Map: Lost and Found LE

Players

Gerald

  • Race: Protoss Protoss
  • Spawn Location: 7:00

Crow - Winner!

  • Race: Zerg Zerg
  • Spawn Location: 1:00

Event: WCS Valencia 2018

VOD

Have the link to the VOD?

Description

Time

  • Played on: July 12, 2018, 7:26 a.m.
  • Length: 4:53

All games in this series

Show
View Real Time Build Order
Export as new Build Order

Gerald Protoss 

Build Orders: 1 Gate Expand, Oracle Opening, Phoenix Opening 

Get SALT Encoding   

  12  0:00  Probe  
  13  0:13  Probe  
  14  0:20  Pylon  
  14  0:25  Probe  
  15  0:31  Assimilator  
  15  0:34  Probe  
  16  0:43  Probe  
  16  0:44  Gateway  
  17  0:54  Probe  
  18  1:06  Probe  
  19  1:18  Probe  
  20  1:26  Nexus  
  20  1:31  Probe  
  21  1:38  Cybernetics Core  
  21  1:43  Probe  
  22  1:50  Assimilator  
  22  1:54  Pylon  
  22  1:56  Probe  
  23  2:05  Adept  
  23  2:12  Probe  
  26  2:20  Stargate  
  26  2:24  Adept, Probe  
  27  2:32  Warp Gate  
  27  2:36  Probe  
  29  2:38  Probe  
  30  2:48  Probe  
  30  2:50  Probe  
  32  2:52  Adept  
  32  2:57  Oracle  
  34  3:00  Probe  
  35  3:08  Gateway, Probe  
  39  3:13  Probe  
  39  3:15  Assimilator  
  39  3:19  Assimilator  
  40  3:21  Probe  
  40  3:25  Probe  
  40  3:26  Phoenix  
  42  3:34  Probe  
  43  3:38  Probe  
  46  3:48  Pylon  
  46  3:50  Robotics Facility  
  46  4:06  Shield Battery, Probe x2  
  48  4:15  Gateway  
  42  4:17  Pylon  
  42  4:18  Probe x2  
  47  4:33  Probe  
  47  4:35  Probe  
  45  4:40  Pylon  
Show
View Real Time Build Order
Export as new Build Order

Crow Zerg - Winner!

Build Orders: Hatch First 

Get SALT Encoding   

  12  0:00  Drone  
  13  0:12  Overlord  
  13  0:17  Drone  
  14  0:31  Drone x2  
  16  0:48  Hatchery  
  15  0:51  Drone  
  15  0:55  Drone  
  17  0:59  Drone  
  18  1:11  Extractor  
  17  1:14  Spawning Pool  
  17  1:17  Drone  
  17  1:20  Drone  
  18  1:28  Drone  
  19  1:39  Drone  
  20  1:49  Overlord  
  20  2:00  Queen x2  
  24  2:01  Zergling x4  
  26  2:11  Drone  
  26  2:13  Drone  
  26  2:14  Metabolic Boost  
  28  2:23  Drone x2  
  30  2:35  Hatchery  
  29  2:44  Drone x2  
  29  2:45  Overlord  
  31  2:57  Baneling Nest  
  30  3:00  Zergling x6  
  33  3:10  Zergling x2  
  34  3:14  Overlord  
  34  3:17  Zergling x8  
  38  3:25  Zergling x6  
  41  3:32  Zergling x2  
  42  3:38  Zergling x2  
  42  3:39  Zergling x2  
  44  3:44  Zergling x6  
  44  3:47  Overlord  
  47  3:48  Zergling x2  
  47  3:53  Baneling x5  
  47  3:54  Baneling  
  48  4:03  Zergling x2  
  48  4:04  Zergling x6  
  51  4:11  Zergling x6  
  52  4:21  Zergling x4  
  52  4:22  Zergling x4  
  54  4:32  Zergling x6  
  54  4:33  Zergling x4  
Tags
 
Add a new tag
Caveats
  • Supply blocks, unpowered buildings, or Contaminate may cause inaccurate times.
  • Supply counts are checked every 10 seconds.